TOP OF THE 1ST |
Chicago (NYP) White Sox batting - Pitching for Idaho Falls Chukars : RHP Matt Slater
|
Pitching: RHP Matt Slater
|
|
Batting: SHB Ruben Velasco Jr.
|
0-0: Swinging Strike 0-1: Ball 1-1: Called Strike 1-2: Ball 2-2: Foul Ball, location: 2F 2-2: Foul Ball, location: 2F 2-2: Ball 3-2: Base on Balls
|
Batting: LHB Adam Tarbutton
|
0-0: Called Strike 0-1: Ball Ruben Velasco Jr. steals 2nd base 1-1: Called Strike 1-2: Ball 2-2: Ball 3-2: DOUBLE (Groundball, 5L, EV 103.8 MPH) Ruben Velasco Jr. scores
|
Batting: LHB Josh Pittman
|
0-0: Ball 1-0: Ball 2-0: Called Strike 2-1: Ball 3-1: Base on Balls
|
Pitching: RHP Mike Tuck
|
|
Batting: LHB Ryan Dyal
|
0-0: 3-RUN HOME RUN (Flyball, 8RXD, EV 110.0 MPH), Distance : 463 ft
|
Batting: RHB Vic Lucatero
|
0-0: SINGLE (Groundball, 4M, EV 102.5 MPH) (infield hit)
|
Batting: LHB Larry Myers
|
0-0: Swinging Strike 0-1: Ball 1-1: Fly out, F7 (Flyball, 7LM, EV 103.8 MPH)
|
Batting: LHB Carlos Ramirez
|
0-0: Called Strike 0-1: Called Strike 0-2: Fly out, F5 (Popup, 25, EV 82.5 MPH)
|
Batting: RHB Victor Orozco
|
0-0: Called Strike 0-1: Ball 1-1: Ball 2-1: Ball Vic Lucatero steals 2nd, throwing error, E2 Vic Lucatero to third 3-1: Base on Balls
|
Batting: RHB Yorkis Saiki
|
0-0: Fly out, F3 (Line Drive, 3, EV 68.1 MPH)
|
Top of the 1st over - 4 runs, 3 hits, 1 error, 2 left on base; Chicago (NYP) 4 - Idaho Falls 0 |
BOTTOM OF THE 1ST |
Idaho Falls Chukars batting - Pitching for Chicago (NYP) White Sox : LHP Shinkichi Kawase
|
Pitching: LHP Shinkichi Kawase
|
|
Batting: SHB Ryoji Hiraoka
|
0-0: Foul Ball, location: 2F 0-1: Ball 1-1: Foul Ball, location: 2F 1-2: Foul Ball, location: 2F 1-2: Strikes out swinging
|
Batting: RHB Kevin Allen
|
0-0: Swinging Strike 0-1: Foul Ball, location: 2F 0-2: Ball 1-2: Ball 2-2: Strikes out swinging
|
Batting: LHB David Bearden
|
0-0: Called Strike 0-1: Called Strike 0-2: Ball 1-2: SINGLE (Groundball, P, EV 81.9 MPH) (infield hit)
|
Batting: RHB Eric Erickson
|
0-0: Ball 1-0: Called Strike 1-1: Foul Ball, location: 2F 1-2: Strikes out swinging
|
Bottom of the 1st over - 0 runs, 1 hit, 0 errors, 1 left on base; Chicago (NYP) 4 - Idaho Falls 0 |
TOP OF THE 2ND |
Chicago (NYP) White Sox batting - Pitching for Idaho Falls Chukars : RHP Mike Tuck
|
Batting: SHB Ruben Velasco Jr.
|
0-0: TRIPLE (Flyball, 78XD, EV 100.0 MPH)
|
Batting: LHB Adam Tarbutton
|
0-0: Foul Ball, location: 2F 0-1: Ball 1-1: Called Strike 1-2: Ball 2-2: Strikes out swinging
|
Pitching: RHP Philip Terrell
|
|
Batting: LHB Josh Pittman
|
0-0: Ball 1-0: Foul Ball, location: 2F 1-1: Called Strike 1-2: Foul Ball, location: 2F 1-2: Foul Ball, location: 2F 1-2: Strikes out swinging
|
Batting: LHB Ryan Dyal
|
0-0: Called Strike 0-1: Swinging Strike 0-2: Fly out, F3 (Line Drive, 3, EV 63.1 MPH)
|
Top of the 2nd over - 0 runs, 1 hit, 0 errors, 1 left on base; Chicago (NYP) 4 - Idaho Falls 0 |
BOTTOM OF THE 2ND |
Idaho Falls Chukars batting - Pitching for Chicago (NYP) White Sox : LHP Shinkichi Kawase
|
Batting: LHB John Wagner
|
0-0: Ball 1-0: Foul Ball, location: 2F 1-1: Ball 2-1: Foul Ball, location: 2F 2-2: Strikes out swinging
|
Batting: LHB Joe Cozart
|
0-0: Ground out 6-3 (Groundball, 6, EV 79.4 MPH)
|
Batting: RHB Edwin Ramos
|
0-0: SINGLE (Flyball, 8LS, EV 90.0 MPH)
|
Batting: RHB Justin Goff
|
0-0: Called Strike 0-1: Foul Ball, location: 2F 0-2: Ground out 5-3 (Groundball, 56S, EV 83.1 MPH)
|
Bottom of the 2nd over - 0 runs, 1 hit, 0 errors, 1 left on base; Chicago (NYP) 4 - Idaho Falls 0 |
TOP OF THE 3RD |
Chicago (NYP) White Sox batting - Pitching for Idaho Falls Chukars : RHP Philip Terrell
|
Batting: RHB Vic Lucatero
|
0-0: Ball 1-0: Ball 2-0: Foul Ball, location: 2F 2-1: Swinging Strike 2-2: SINGLE (Line Drive, 8LS, EV 108.1 MPH)
|
Batting: LHB Larry Myers
|
0-0: Foul Ball, location: 2F 0-1: Fly out, F7 (Flyball, 7, EV 87.5 MPH)
|
Batting: LHB Carlos Ramirez
|
0-0: Ball Vic Lucatero steals 2nd base 1-0: Swinging Strike 1-1: Ball 2-1: Ball 3-1: Called Strike 3-2: Base on Balls
|
Pitching: RHP Howie Seidler
|
|
Batting: RHB Victor Orozco
|
0-0: Called Strike 0-1: Foul Ball, location: 2F 0-2: Fly out, F8 (Flyball, 89D, EV 103.1 MPH) Runner from 2nd tags up, SAFE at 3rd, no throw by CF
|
Batting: RHB Yorkis Saiki
|
0-0: Ball 1-0: Called Strike 1-1: Ball 2-1: Ball 3-1: Base on Balls Carlos Ramirez to second
|
Batting: SHB Ruben Velasco Jr.
|
0-0: Called Strike 0-1: Called Strike 0-2: Ball Passed Ball! Vic Lucatero scores Carlos Ramirez to third Yorkis Saiki to second 1-2: Ball 2-2: Ball 3-2: Base on Balls
|
Batting: LHB Adam Tarbutton
|
0-0: Ball 1-0: Called Strike 1-1: Ball 2-1: Foul Ball, location: 2F 2-2: Ball 3-2: Base on Balls Carlos Ramirez scores Yorkis Saiki to third Ruben Velasco Jr. to second
|
Pitching: RHP Bryan Kiefer
|
|
Batting: LHB Josh Pittman
|
0-0: Foul Ball, location: 2F 0-1: Foul Ball, location: 2F 0-2: Foul Ball, location: 2F 0-2: Ball 1-2: Foul Ball, location: 2F 1-2: Ground out 4-3 (Groundball, 4, EV 105.0 MPH)
|
Top of the 3rd over - 2 runs, 1 hit, 0 errors, 3 left on base; Chicago (NYP) 6 - Idaho Falls 0 |
BOTTOM OF THE 3RD |
Idaho Falls Chukars batting - Pitching for Chicago (NYP) White Sox : LHP Shinkichi Kawase
|
Batting: RHB Timotheus Cooper
|
0-0: Foul Ball, location: 2F 0-1: Ball 1-1: Ball 2-1: Ball 3-1: Fly out, F8 (Line Drive, 8RD, EV 102.5 MPH)
|
Batting: SHB Ryoji Hiraoka
|
0-0: Foul Ball, location: 2F 0-1: Called Strike 0-2: Ball 1-2: Ball 2-2: Strikes out swinging, 2-3 out at first.
|
Batting: RHB Kevin Allen
|
0-0: Ball 1-0: Ball 2-0: Called Strike 2-1: Ground out 4-3 (Groundball, 4, EV 105.0 MPH)
|
Bottom of the 3rd over - 0 runs, 0 hits, 0 errors, 0 left on base; Chicago (NYP) 6 - Idaho Falls 0 |
TOP OF THE 4TH |
Chicago (NYP) White Sox batting - Pitching for Idaho Falls Chukars : RHP Bryan Kiefer
|
Batting: LHB Ryan Dyal
|
0-0: Called Strike 0-1: Swinging Strike 0-2: Ball 1-2: SINGLE (Groundball, 4MD, EV 105.0 MPH)
|
Batting: RHB Vic Lucatero
|
0-0: Ball 1-0: Ball 2-0: Foul Ball, location: 2F 2-1: Foul Ball, location: 2F 2-2: Foul Ball, location: 2F 2-2: Foul Ball, location: 2F 2-2: Foul Ball, location: 2F 2-2: Foul Ball, location: 2F 2-2: Hit by Pitch Ryan Dyal to second
|
Pitching: RHP Gary Ackerman
|
|
Batting: LHB Larry Myers
|
0-0: Swinging Strike 0-1: Ball 1-1: Ball 2-1: Called Strike 2-2: DOUBLE (Flyball, 78XD, EV 101.9 MPH) Ryan Dyal scores Vic Lucatero to third
|
Batting: LHB Carlos Ramirez
|
0-0: Ball 1-0: Foul Ball, location: 2F 1-1: Ball 2-1: Called Strike 2-2: Foul Ball, location: 2F 2-2: Ball 3-2: Base on Balls
|
Batting: RHB Victor Orozco
|
0-0: Called Strike 0-1: Ball 1-1: Called Strike 1-2: Ball 2-2: Foul Ball, location: 2F 2-2: Ball 3-2: Base on Balls Vic Lucatero scores Larry Myers to third Carlos Ramirez to second
|
Batting: RHB Yorkis Saiki
|
0-0: Called Strike 0-1: Ball 1-1: Ball 2-1: Ball 3-1: Foul Ball, location: 2F 3-2: Base on Balls Larry Myers scores Carlos Ramirez to third Victor Orozco to second
|
Batting: SHB Ruben Velasco Jr.
|
0-0: Ball 1-0: Fielders Choice at 2nd, 3-6 (Groundball, 3S, EV 88.1 MPH) Carlos Ramirez scores Victor Orozco to third
|
Pitching: LHP Josh Dalton
|
|
Batting: LHB Adam Tarbutton
|
0-0: Ball 1-0: Ball 2-0: Ball 3-0: Called Strike 3-1: Base on Balls Ruben Velasco Jr. to second
|
Batting: LHB Josh Pittman
|
0-0: Called Strike 0-1: Ball 1-1: Ball 2-1: Foul Ball, location: 2F 2-2: Ball Balk! Victor Orozco scores Ruben Velasco Jr. to third Adam Tarbutton to second 3-2: Foul Ball, location: 2F 3-2: Foul Ball, location: 2F 3-2: Ground out 4-3 (Groundball, 4, EV 85.0 MPH) Ruben Velasco Jr. scores Adam Tarbutton to third
|
Batting: LHB Ryan Dyal
|
0-0: Fly out, F8 (Flyball, 89M, EV 80.0 MPH)
|
Top of the 4th over - 6 runs, 2 hits, 0 errors, 1 left on base; Chicago (NYP) 12 - Idaho Falls 0 |
BOTTOM OF THE 4TH |
Idaho Falls Chukars batting - Pitching for Chicago (NYP) White Sox : LHP Shinkichi Kawase
|
Batting: LHB David Bearden
|
0-0: Called Strike 0-1: Ball 1-1: SINGLE (Groundball, 34D, EV 98.1 MPH)
|
Batting: RHB Eric Erickson
|
0-0: SINGLE (Popup, 4D, EV 63.1 MPH) David Bearden to second
|
Batting: LHB John Wagner
|
0-0: Called Strike 0-1: Ball 1-1: Ball 2-1: Hit by Pitch David Bearden to third Eric Erickson to second
|
Batting: LHB Joe Cozart
|
0-0: Fielders Choice at 2nd, 4-6 (Groundball, 4, EV 97.5 MPH) David Bearden scores Eric Erickson to third
|
Batting: RHB Edwin Ramos
|
0-0: Foul Ball, location: 2F 0-1: Swinging Strike 0-2: Strikes out looking
|
Batting: RHB Justin Goff
|
0-0: Ball 1-0: SINGLE (Groundball, P, EV 86.2 MPH) (infield hit) Eric Erickson scores Joe Cozart to second
|
Batting: RHB Timotheus Cooper
|
0-0: Ball 1-0: Ball 2-0: Ball 3-0: Called Strike Balk! Joe Cozart to third Justin Goff to second 3-1: Base on Balls
|
Batting: SHB Ryoji Hiraoka
|
0-0: Called Strike 0-1: Called Strike 0-2: Ball 1-2: Ball 2-2: Strikes out looking
|
Bottom of the 4th over - 2 runs, 3 hits, 0 errors, 3 left on base; Chicago (NYP) 12 - Idaho Falls 2 |
TOP OF THE 5TH |
Chicago (NYP) White Sox batting - Pitching for Idaho Falls Chukars : LHP Josh Dalton
|
Batting: RHB Vic Lucatero
|
0-0: Ball 1-0: Hit by Pitch
|
Batting: LHB Larry Myers
|
0-0: Ball 1-0: Ball 2-0: Called Strike 2-1: Called Strike 2-2: Foul Ball, location: 2F 2-2: Fly out, F7 (Flyball, 7S, EV 88.8 MPH)
|
Batting: LHB Carlos Ramirez
|
0-0: Called Strike 0-1: SINGLE (Groundball, 6MD, EV 102.5 MPH) Vic Lucatero to second
|
Batting: RHB Victor Orozco
|
0-0: Ball 1-0: Ground out 5-3 (Groundball, 5S, EV 68.8 MPH) Vic Lucatero to third Carlos Ramirez to second
|
Batting: RHB Yorkis Saiki
|
0-0: Ball 1-0: Called Strike 1-1: Swinging Strike 1-2: Ground out 5-3 (Groundball, 56, EV 98.1 MPH)
|
Top of the 5th over - 0 runs, 1 hit, 0 errors, 2 left on base; Chicago (NYP) 12 - Idaho Falls 2 |
BOTTOM OF THE 5TH |
Idaho Falls Chukars batting - Pitching for Chicago (NYP) White Sox : LHP Shinkichi Kawase
|
Batting: RHB Kevin Allen
|
0-0: SINGLE (Line Drive, 89S, EV 100.6 MPH)
|
Batting: LHB David Bearden
|
0-0: Called Strike 0-1: Ball 1-1: Called Strike 1-2: Ball Wild Pitch! Kevin Allen to second 2-2: Strikes out looking
|
Batting: RHB Eric Erickson
|
0-0: Called Strike 0-1: Ball 1-1: Swinging Strike 1-2: Ball 2-2: Foul Ball, location: 2F 2-2: 2-RUN HOME RUN (Flyball, 7D, EV 93.1 MPH), Distance : 366 ft
|
Batting: LHB John Wagner
|
0-0: Ball 1-0: Called Strike 1-1: Ball 2-1: Foul Ball, location: 2F 2-2: Fly out, F8 (Line Drive, 8LM, EV 103.8 MPH)
|
Batting: LHB Joe Cozart
|
0-0: Ball 1-0: SINGLE (Groundball, 4MD, EV 97.5 MPH)
|
Batting: RHB Edwin Ramos
|
0-0: Called Strike 0-1: Ball 1-1: Ground out U3 (Groundball, 23, EV 89.4 MPH)
|
Bottom of the 5th over - 2 runs, 3 hits, 0 errors, 1 left on base; Chicago (NYP) 12 - Idaho Falls 4 |
TOP OF THE 6TH |
Chicago (NYP) White Sox batting - Pitching for Idaho Falls Chukars : LHP Josh Dalton
|
Batting: SHB Ruben Velasco Jr.
|
0-0: Ball 1-0: Ball 2-0: Ball 3-0: Called Strike 3-1: Base on Balls
|
Batting: LHB Adam Tarbutton
|
0-0: Ball 1-0: Swinging Strike 1-1: Fly out, F8 (Flyball, 8LS, EV 80.0 MPH)
|
Batting: LHB Josh Pittman
|
0-0: Ball 1-0: Ball 2-0: Foul Ball, location: 2F 2-1: Ball 3-1: Called Strike 3-2: Fielders Choice at 2nd, 4-6 (Groundball, 4M, EV 95.0 MPH)
|
Batting: LHB Ryan Dyal
|
0-0: Ball Wild Pitch! Josh Pittman to second 1-0: Ball Wild Pitch! Josh Pittman to third 2-0: Ball 3-0: Base on Balls
|
Batting: RHB Vic Lucatero
|
0-0: Ball 1-0: Called Strike 1-1: Ball 2-1: Ball 3-1: Base on Balls Ryan Dyal to second
|
Batting: LHB Larry Myers
|
0-0: Called Strike 0-1: Ball 1-1: SINGLE (Groundball, 3S, EV 76.9 MPH) (infield hit) Josh Pittman scores Ryan Dyal to third Vic Lucatero to second
|
Batting: LHB Carlos Ramirez
|
0-0: Called Strike 0-1: Called Strike 0-2: Ball 1-2: Ball Wild Pitch! Ryan Dyal scores Vic Lucatero to third Larry Myers to second 2-2: Ball 3-2: Base on Balls
|
Pitching: LHP Randy Stapleton
|
|
Batting: RHB Victor Orozco
|
0-0: Called Strike 0-1: Ground out 1-3 (Groundball, 13S, EV 63.1 MPH)
|
Top of the 6th over - 2 runs, 1 hit, 0 errors, 3 left on base; Chicago (NYP) 14 - Idaho Falls 4 |
BOTTOM OF THE 6TH |
Idaho Falls Chukars batting - Pitching for Chicago (NYP) White Sox : LHP Shinkichi Kawase
|
Batting: RHB Justin Goff
|
0-0: Ball 1-0: Foul Ball, location: 2F 1-1: Ball 2-1: Ball 3-1: Base on Balls
|
Batting: RHB Timotheus Cooper
|
0-0: Ball 1-0: Called Strike Balk! Justin Goff to second 1-1: Ball 2-1: Foul Ball, location: 2F 2-2: Ground out 3-1 (Groundball, 34, EV 103.1 MPH) Justin Goff to third
|
Pitching: RHP John Bryan
|
|
Batting: SHB Ryoji Hiraoka
|
0-0: Foul Ball, location: 2F 0-1: Ball 1-1: Foul Ball, location: 2F 1-2: Ball 2-2: Ground out 4-3 (Groundball, 4, EV 98.8 MPH) Justin Goff scores
|
Batting: RHB Kevin Allen
|
0-0: Ball 1-0: Ball 2-0: Called Strike 2-1: SINGLE (Groundball, 34S, EV 70.6 MPH) (infield hit)
|
Batting: LHB David Bearden
|
0-0: Ball 1-0: Ball 2-0: Called Strike 2-1: DOUBLE (Line Drive, 89D, EV 108.1 MPH) Kevin Allen to third Runner from 3rd tries for Home, SAFE, throw by RF to home
|
Batting: RHB Eric Erickson
|
0-0: Called Strike 0-1: Ball 1-1: Ball 2-1: SINGLE (Groundball, 6, EV 96.9 MPH) David Bearden to third
|
Batting: LHB John Wagner
|
0-0: Ball Eric Erickson steals 2nd base 1-0: Swinging Strike 1-1: Called Strike 1-2: Ball 2-2: SINGLE (Groundball, 4MS, EV 83.8 MPH) (infield hit) David Bearden scores Eric Erickson to third
|
Pinch Runner at 1st Chad Sullivan:
|
|
Batting: LHB Joe Cozart
|
0-0: Foul Ball, location: 2F 0-1: Foul Ball, location: 2F 0-2: Ball 1-2: Ball 2-2: Foul Ball, location: 2F 2-2: Foul Ball, location: 2F 2-2: Ball 3-2: Base on Balls Chad Sullivan to second
|
Batting: RHB Edwin Ramos
|
0-0: Swinging Strike 0-1: Ball 1-1: Foul Ball, location: 2F 1-2: DOUBLE (Line Drive, 89D, EV 108.1 MPH) Eric Erickson scores Chad Sullivan scores Joe Cozart to third
|
Pitching: LHP Yasuaki Yamada
|
|
Batting: RHB Justin Goff
|
0-0: Foul Ball, location: 2F 0-1: Called Strike 0-2: Strikes out swinging
|
Bottom of the 6th over - 5 runs, 5 hits, 0 errors, 2 left on base; Chicago (NYP) 14 - Idaho Falls 9 |
TOP OF THE 7TH |
Chicago (NYP) White Sox batting - Pitching for Idaho Falls Chukars : LHP Randy Stapleton
|
Now in LF: Kevin Allen
|
|
Now in RF: Chad Sullivan
|
|
Batting: RHB Yorkis Saiki
|
0-0: Ball 1-0: Foul Ball, location: 2F 1-1: Ball 2-1: Swinging Strike 2-2: Ball 3-2: Base on Balls
|
Batting: SHB Ruben Velasco Jr.
|
0-0: Ball 1-0: Ball 2-0: Called Strike 2-1: Ball 3-1: Base on Balls Yorkis Saiki to second
|
Batting: LHB Adam Tarbutton
|
0-0: Ball 1-0: Bunted foul 1-1: Bunt missed! 1-2: Ball 2-2: Ball 3-2: Base on Balls Yorkis Saiki to third Ruben Velasco Jr. to second
|
Batting: LHB Josh Pittman
|
0-0: Ball 1-0: Ball 2-0: Swinging Strike Passed Ball! Yorkis Saiki scores Ruben Velasco Jr. to third Adam Tarbutton to second 2-1: Ball 3-1: Called Strike 3-2: Base on Balls
|
Batting: LHB Ryan Dyal
|
0-0: Called Strike 0-1: Fly out, F7 (Flyball, 78D, EV 103.1 MPH)
|
Batting: RHB Vic Lucatero
|
0-0: Called Strike 0-1: Ball 1-1: Swinging Strike 1-2: Foul Ball, location: 2F 1-2: Ball Wild Pitch! Ruben Velasco Jr. scores Adam Tarbutton to third Josh Pittman to second 2-2: Foul Ball, location: 2F 2-2: Ground out 6-3 (Groundball, 6M, EV 108.8 MPH) Adam Tarbutton scores Josh Pittman to third
|
Batting: LHB Larry Myers
|
0-0: Ball Wild Pitch! Josh Pittman scores 1-0: Ball 2-0: Ball 3-0: Called Strike 3-1: Called Strike 3-2: Foul Ball, location: 2F 3-2: Foul Ball, location: 2F 3-2: Base on Balls
|
Batting: LHB Carlos Ramirez
|
0-0: Ground out U3 (Groundball, 3, EV 90.6 MPH)
|
Top of the 7th over - 4 runs, 0 hits, 0 errors, 1 left on base; Chicago (NYP) 18 - Idaho Falls 9 |
BOTTOM OF THE 7TH |
Idaho Falls Chukars batting - Pitching for Chicago (NYP) White Sox : LHP Yasuaki Yamada
|
Batting: RHB Timotheus Cooper
|
0-0: Called Strike 0-1: Swinging Strike 0-2: Strikes out looking
|
Batting: SHB Ryoji Hiraoka
|
0-0: Ball 1-0: Foul Ball, location: 2F 1-1: Hit by Pitch
|
Batting: RHB Kevin Allen
|
0-0: Fielders Choice at 2nd, 3-6 (Groundball, 3, EV 98.1 MPH)
|
Batting: LHB David Bearden
|
0-0: Ball 1-0: Ball 2-0: Foul Ball, location: 2F 2-1: Ball 3-1: Foul Ball, location: 2F 3-2: Foul Ball, location: 2F 3-2: Foul Ball, location: 2F 3-2: SINGLE (Line Drive, 9S, EV 91.2 MPH) Kevin Allen to second Kevin Allen to third
|
Batting: RHB Eric Erickson
|
0-0: Swinging Strike 0-1: Ball 1-1: Foul Ball, location: 2F 1-2: Ball 2-2: Foul Ball, location: 2F 2-2: DOUBLE (Line Drive, 8RXD, EV 106.9 MPH) Kevin Allen scores David Bearden to third Runner from 3rd tries for Home, SAFE, throw by CF to trailing runner, SAFE at third!
|
Batting: RHB Chad Sullivan
|
0-0: Ball Wild Pitch! Eric Erickson scores 1-0: Foul Ball, location: 2F 1-1: Called Strike 1-2: Ball 2-2: Reached on error, E5 (Groundball, 56, EV 80.6 MPH)
|
Batting: LHB Joe Cozart
|
0-0: Ball Chad Sullivan steals 2nd base 1-0: Swinging Strike 1-1: Ball 2-1: Foul Ball, location: 2F 2-2: Ball 3-2: Strikes out swinging
|
Bottom of the 7th over - 3 runs, 2 hits, 1 error, 1 left on base; Chicago (NYP) 18 - Idaho Falls 12 |
TOP OF THE 8TH |
Chicago (NYP) White Sox batting - Pitching for Idaho Falls Chukars : LHP Randy Stapleton
|
Batting: RHB Victor Orozco
|
0-0: Ball 1-0: Ball 2-0: Fly out, F8 (Flyball, 8LD, EV 84.4 MPH)
|
Batting: RHB Yorkis Saiki
|
0-0: Ball 1-0: SINGLE (Groundball, 56D, EV 99.4 MPH)
|
Batting: SHB Ruben Velasco Jr.
|
0-0: Called Strike 0-1: Ball Balk! Yorkis Saiki to second 1-1: Swinging Strike 1-2: Ball 2-2: Foul Ball, location: 2F 2-2: Foul Ball, location: 2F 2-2: Fly out, F8 (Line Drive, 8RD, EV 89.4 MPH)
|
Batting: LHB Adam Tarbutton
|
0-0: Ball Wild Pitch! Yorkis Saiki to third 1-0: Called Strike 1-1: Ball 2-1: Swinging Strike 2-2: Ball Balk! Yorkis Saiki scores 3-2: Ground out 6-3 (Groundball, 6, EV 81.2 MPH)
|
Top of the 8th over - 1 run, 1 hit, 0 errors, 0 left on base; Chicago (NYP) 19 - Idaho Falls 12 |
BOTTOM OF THE 8TH |
Idaho Falls Chukars batting - Pitching for Chicago (NYP) White Sox : LHP Yasuaki Yamada
|
Batting: RHB Edwin Ramos
|
0-0: Ball 1-0: SINGLE (Line Drive, 89S, EV 106.2 MPH)
|
Batting: RHB Justin Goff
|
0-0: Ball Passed Ball! Edwin Ramos to second 1-0: Ground out U3 (Groundball, 34S, EV 91.9 MPH) Edwin Ramos to third
|
Batting: RHB Timotheus Cooper
|
0-0: Ball 1-0: Called Strike 1-1: DOUBLE (Flyball, 89D, EV 92.5 MPH) Edwin Ramos scores
|
Pitching: RHP Fernando Fierros
|
|
Batting: SHB Ryoji Hiraoka
|
0-0: Foul Ball, location: 2F 0-1: Foul Ball, location: 2F 0-2: Ball 1-2: Strikes out swinging
|
Batting: RHB Kevin Allen
|
0-0: Called Strike 0-1: Foul Ball, location: 2F 0-2: Reached on error, E4 (Groundball, 4, EV 102.5 MPH) Timotheus Cooper to third
|
Batting: LHB David Bearden
|
0-0: Called Strike 0-1: Ground out U3 (Groundball, 3, EV 85.6 MPH)
|
Bottom of the 8th over - 1 run, 2 hits, 1 error, 2 left on base; Chicago (NYP) 19 - Idaho Falls 13 |
TOP OF THE 9TH |
Chicago (NYP) White Sox batting - Pitching for Idaho Falls Chukars : LHP Randy Stapleton
|
Pitching: LHP Manny Berrones
|
|
Batting: LHB Josh Pittman
|
0-0: Ball 1-0: Ball 2-0: Called Strike 2-1: Swinging Strike 2-2: Ball 3-2: Ground out 5-3 (Groundball, 56, EV 100.6 MPH)
|
Batting: LHB Ryan Dyal
|
0-0: Ball 1-0: Foul Ball, location: 2F 1-1: Ground out 6-3 (Groundball, 6M, EV 82.5 MPH)
|
Batting: RHB Vic Lucatero
|
0-0: Swinging Strike 0-1: Ball 1-1: Ball 2-1: Ball 3-1: Base on Balls
|
Batting: LHB Larry Myers
|
0-0: Ball Vic Lucatero steals 2nd base 1-0: Called Strike 1-1: SINGLE (Line Drive, 7S, EV 90.0 MPH) Vic Lucatero to third Runner from 3rd tries for Home, throw by LF and OUT! 7-2
|
Top of the 9th over - 0 runs, 1 hit, 0 errors, 1 left on base; Chicago (NYP) 19 - Idaho Falls 13 |
BOTTOM OF THE 9TH |
Idaho Falls Chukars batting - Pitching for Chicago (NYP) White Sox : RHP Fernando Fierros
|
Batting: RHB Eric Erickson
|
0-0: Ball 1-0: Called Strike 1-1: Fly out, F9 (Flyball, 9, EV 97.5 MPH)
|
Batting: RHB Chad Sullivan
|
0-0: Called Strike 0-1: Called Strike 0-2: Ball 1-2: Strikes out swinging
|
Batting: LHB Joe Cozart
|
0-0: Ball 1-0: Ball 2-0: Called Strike 2-1: Foul Ball, location: 2F 2-2: Foul Ball, location: 2F 2-2: Strikes out swinging
|
Bottom of the 9th over - 0 runs, 0 hits, 0 errors, 0 left on base; Chicago (NYP) 19 - Idaho Falls 13 |
|